AoeStats
← The Rule

Arena

509917033Analyzed
4v4 RM · 3d ago on Sep 28, 2026· 44m 28s· 8 players
Game mode
Random Map
Map size
Large (8 player)
Population
200
Speed
Normal
Resources
Standard
Victory
Conquest
Starting age
Dark Age
Ending age
Imperial Age
RankedLock teamsTeams togetherTeam positionsShared explorationLock speedFull tech treeHidden civsTurbo modeCheats
Victory
Defeat
🇨🇳 Franks · China
1049
+14
🇬🇷 Malians · Greece
1027
+15
🇹🇷 Turks · Türkiye
962
+18
🇫🇷 Britons · France
949
+18
🇦🇹 Koreans · Austria
1030
-17
🇵🇱 Bohemians · Poland
999
-16
🇪🇸 Mongols · Spain
999
-16
🇬🇧 Varangians · United Kingdom
989
-16
IM JIMMY. BOT JIMMY
2:42 Loom
9:36 Feudal Age
10:17 Double-Bit Axe
10:14 Horse Collar
18:55 Castle Age
18:37 Wheelbarrow
20:07 Heavy Plow
20:19 Bow Saw
21:17 Elite Skirmisher
23:08 Ballistics
27:57 Imperial Age
28:04 Chemistry
27:42 Murder Holes
28:51 Padded Archer Armor
29:22 Elite Hussite Wagon
31:40 Two-Man Saw
31:31 Squires
33:03 Hand Cart
34:25 Conscription
34:32 Houfnice
34:42 Pikeman
35:34 Fletching
39:35 Halberdier
KCPR
2:20 Loom
11:19 Feudal Age
13:23 Wheelbarrow
12:35 Double-Bit Axe
16:36 Horse Collar
21:07 Castle Age
20:31 Gold Mining
22:09 Bloodlines
22:01 Husbandry
22:11 Scale Barding Armor
22:17 Forging
23:04 Bow Saw
26:43 Heavy Plow
27:35 Vendel Legacy
29:35 Fortified Wall
29:07 Treadmill Crane
29:48 Hand Cart
34:17 Imperial Age
Mr.MoneyBoy
11:28 Feudal Age
15:35 Castle Age
13:52 Double-Bit Axe
14:16 Horse Collar
14:52 Stone Mining
15:15 Gold Mining
23:01 Loom
23:28 Bow Saw
24:35 Fletching
25:02 Heavy Plow
25:42 Gold Shaft Mining
26:32 Wheelbarrow
25:45 Town Watch
26:24 Ballistics
26:01 Bodkin Arrow
27:29 Hand Cart
27:26 Husbandry
28:03 Thumb Ring
27:47 Treadmill Crane
28:43 Town Patrol
30:34 Eupseong
30:47 Masonry
30:33 Murder Holes
32:04 Forging
31:55 Scale Mail Armor
34:29 Imperial Age
32:11 Fortified Wall
32:13 Squires
31:58 Arson
34:47 Iron Casting
34:27 Chain Mail Armor
35:47 Conscription
34:51 Elite War Wagon
35:33 Bracer
36:38 Chemistry
35:28 Arrowslits
36:32 Sanctity
38:51 Two-Man Saw
The Rule
10:50 Feudal Age
14:33 Castle Age
13:16 Double-Bit Axe
14:53 Stone Mining
16:28 Bow Saw
16:36 Loom
17:37 Horse Collar
18:50 Gold Mining
20:35 Bloodlines
25:05 Wheelbarrow
25:21 Husbandry
25:25 Padded Archer Armor
25:21 Fletching
27:44 Heavy Plow
31:47 Imperial Age
29:40 Ballistics
30:04 Hand Cart
29:54 Nomads
30:15 Scale Barding Armor
30:22 Forging
30:11 Bodkin Arrow
30:15 Town Watch
31:50 Town Patrol
31:40 Light Cavalry
33:41 Thumb Ring
34:02 Parthian Tactics
33:55 Leather Archer Armor
35:22 Chemistry
33:58 Elite Mangudai
35:36 Conscription
35:59 Gold Shaft Mining
41:05 Murder Holes
KLEGE_MOULIKO
9:33 Feudal Age
10:20 Double-Bit Axe
11:20 Loom
11:58 Horse Collar
17:51 Castle Age
18:46 Bow Saw
18:40 Heavy Plow
18:33 Gold Mining
19:50 Wheelbarrow
19:02 Town Watch
20:49 Hand Cart
22:50 Gold Shaft Mining
22:16 Stone Mining
23:57 Stone Shaft Mining
28:43 Imperial Age
29:16 Scale Mail Armor
30:25 Chemistry
30:02 Crop Rotation
30:02 Onager
31:38 Chain Mail Armor
35:41 Elite Gbeto
41:30 Siege Onager
42:53 Forging
43:13 Plate Mail Armor
42:34 Fletching
42:44 Padded Archer Armor
42:50 Scale Barding Armor
LazZiya
10:47 Feudal Age
14:26 Loom
16:58 Castle Age
15:25 Horse Collar
15:37 Double-Bit Axe
16:34 Stone Mining
18:16 Bow Saw
18:23 Gold Mining
23:09 Wheelbarrow
25:45 Fletching
26:35 Gold Shaft Mining
26:40 Hand Cart
27:30 Heavy Plow
31:44 Imperial Age
31:13 Bodkin Arrow
31:19 Padded Archer Armor
31:49 Ballistics
31:40 Masonry
33:18 Bracer
33:34 Leather Archer Armor
36:51 Elite Janissary
41:07 Bloodlines
43:51 Forging
43:47 Scale Barding Armor
43:57 Scale Barding Armor
鱼鱼
10:01 Feudal Age
14:12 Castle Age
12:10 Double-Bit Axe
19:31 Bow Saw
20:21 Wheelbarrow
22:19 Hand Cart
24:51 Stone Mining
24:52 Gold Mining
28:41 Imperial Age
26:18 Loom
26:18 Town Watch
27:06 Scale Barding Armor
27:12 Forging
27:57 Gold Shaft Mining
29:02 Chain Barding Armor
29:18 Iron Casting
29:09 Husbandry
28:51 Cavalier
29:58 Conscription
30:54 Plate Barding Armor
30:12 Paladin
32:26 Blast Furnace
32:16 Chivalry
35:09 Chemistry
35:12 Siege Engineers
Kedyros
2:16 Loom
5:53 Loom
9:51 Feudal Age
16:44 Castle Age
20:17 Double-Bit Axe
28:41 Imperial Age
27:19 Fletching
28:53 Elite Longbowman
30:19 Bodkin Arrow
30:51 Conscription
31:19 Padded Archer Armor
31:47 Yeomen
31:51 Ballistics
32:25 Wheelbarrow
31:56 Bracer
33:09 Leather Archer Armor
34:00 Chemistry
32:59 Gold Mining
33:44 Town Watch
34:19 Hand Cart
41:15 Husbandry
40:36 Light Cavalry
41:40 Forging
42:03 Ring Archer Armor
41:44 Forging
41:40 Scale Barding Armor
Connection lost

Rejoining the realm…

Still unreachable

The connection could not be restored.

Session expired

The server has moved on; the page needs a fresh start.